 Dungeon Crawl Stone Soup version 0.27-a0-40-g5f2be0e231 (webtiles) character file.

Game seed: 16538179220300345497

5 Essalna the Stinger (level 1, 0/13 HPs)
             Began as a Demonspawn Venom Mage on Jan 5, 2021.
             Succumbed to an adder's poison
             ... on level 2 of the Dungeon.
             The game lasted 00:01:21 (474 turns).

Essalna the Stinger (Demonspawn Venom Mage)          Turns: 474, Time: 00:01:21

Health: 0/13       AC:  2    Str: 14    XL:     1   Next: 66%
Magic:  0/3        EV: 12    Int: 16    God:
Gold:   47         SH:  0    Dex: 13    Spells: 3/4 levels left

rFire    . . .     SeeInvis .   c - -3 dagger (curse)
rCold    + . .     Faith    .   (no shield)
rNeg     . . .     Spirit   .   a - +0 robe
rPois    .         Reflect  .   (no helmet)
rElec    .         Harm     .   (no cloak)
rCorr    .         Rampage  .   (no gloves)
Will     .....                  (no boots)
Stlth    ++........             (no amulet)
HPRegen  0.04/turn              d - +6 ring of strength
MPRegen  0.08/turn              h - ring of protection from cold

@: lethally poisoned (0 -> -14)
A: no striking features
a: no special abilities


You were on level 2 of the Dungeon.
You visited 1 branch of the dungeon, and saw 2 of its levels.

You collected 47 gold pieces.

Inventory:

Hand Weapons
 c - a cursed -3 dagger (weapon)
Armour
 a - a +0 robe (worn)
Jewellery
 d - a +6 ring of strength (left hand)
 h - a ring of protection from cold (right hand)
Scrolls
 e - a scroll of remove curse {unknown}
 g - a scroll of fog {unknown}
Potions
 b - a potion of haste {unknown}
 f - a potion of curing {unknown}


   Skills:
 + Level 1.9 Dodging
 - Level 1.8 Stealth
 + Level 2.1 Spellcasting
 - Level 1.0 Transmutations
 + Level 3.1 Poison Magic


You had 3 spell levels left.
You knew the following spells:

 Your Spells              Type           Power        Failure   Level
a - Sting                 Tmut/Pois      32%          9%          1

Your spell library contained the following spells:

 Spells                   Type           Power        Failure   Level
 Poisonous Vapours        Pois/Air       12%          16%         2
 Ignite Poison            Fire/Tmut/Pois 6%           34%         3
 Mephitic Cloud           Conj/Pois/Air  5%           38%         3
 Olgreb's Toxic Radiance  Pois           11%          50%         4


Dungeon Overview and Level Annotations

Branches:
Dungeon (1/15)

Altars:


Message History

The adder is moderately wounded.
The adder bites you.
You are poisoned.
The adder poisons you!
You barely miss the adder.
The adder is heavily wounded.
You feel sick.
The adder looks more healthy.
The adder bites you.
You are lethally poisoned!
The adder poisons you!
You hit the adder but do no damage.
The adder is severely wounded.
You feel sick. The adder bites you.
* * * LOW HITPOINT WARNING * * *
You miss the adder.
The adder is severely wounded.
* * * LOW HITPOINT WARNING * * *
You feel sick. The adder barely misses you. The adder misses you.
You barely miss the adder.
The adder is severely wounded.
You die...

#.# ###.### ########
###.....# #......
.####...###.###.##.##
..<.....# #...>...#.###
###(#...###.#..........
# #.......#...##.#...
#..######...##.....
#.@# #...##..... #.S#
##...##..... (....
............ ###..##
##.#######.. #... ..
...... ..## ### ######
##


You could see an adder.

Vanquished Creatures
  A leopard gecko (D:2)
  A bat (D:1)
  A kobold (D:2)
  2 rats
5 creatures vanquished.

Notes
Turn   | Place    | Note
-------+----------+-------------------------------------------
     0 | D:1      | Essalna the Demonspawn Venom Mage began the quest for the
                  | Orb.
     0 | D:1      | Reached XP level 1. HP: 13/13 MP: 3/3
   207 | D:1      | You fall into a shaft and drop 1 floor!
   234 | D:2      | Reached skill level 1 in Transmutations
   474 | D:2      | Succumbed to an adder's poison

Illustrated notes

Levels and vault maps discovered:
D:1:      dpeg_arrival_round_a, layout_basic, st_stairs_7
D:2:      layout_loops_ring, minmay_misc_feat_cross

Skill      XL: |  1 |
---------------+----+-----
Transmutations | 1 |  1.0
Dodging        | |  1.9
Stealth        | |  1.8
Spellcasting   | |  2.1
Poison Magic   | |  3.1

Action                   || total
-------------------------++-------
Melee: Dagger            ||    12
       Unarmed           ||     3
 Cast: Sting             ||     8
 Stab: Sleeping          ||     1
Armor: Robe              ||     3
Dodge: Dodged            ||    21

Table legend: (Time is in decaauts)
 A = Elapsed time spent in this place.
 B = Non-inter-level travel time spent in this place.
 C = Inter-level travel time spent in this place.
 D = Time resting spent in this place.
 E = Time spent auto-exploring this place.
 F = Levels seen in this place.
 G = Mean time per level.
                   A        B        C        D        E       F      G
               +--------+--------+--------+--------+--------+-----+--------+
         Total |    472 |    472 |      0 |      0 |    402 |   2 |  236.0 |
       Dungeon |    472 |    472 |      0 |      0 |    402 |   2 |  236.0 |
               +--------+--------+--------+--------+--------+-----+--------+

Top non-repeatable levels by time:
     D:2: 266 daAuts
     D:1: 206 daAuts
